Map: 뉴커크 재개발 지구 - 토너먼트 (공허의 유산)

Players

Maru - Winner!

  • Race: Terran Terran
  • League: Master
  • Spawn Location: 7:00

Rogue

  • Race: Zerg Zerg
  • Spawn Location: 5:00

VOD

Have the link to the VOD?

Description

Time

  • Played on: Nov. 29, 2016, 4:25 a.m.
  • Length: 8:55
Show
View Real Time Build Order
Export as new Build Order

Maru Terran - Winner!

Build Orders: Reaper Expand, MMM Bio 

Get SALT Encoding   

  12  0:00  SCV  
  13  0:12  SCV  
  14  0:19  Supply Depot  
  14  0:24  SCV  
  15  0:40  Barracks, SCV  
  16  0:46  Refinery  
  16  0:52  SCV  
  17  1:04  SCV  
  18  1:16  SCV  
  19  1:28  Orbital Command, Reaper  
  20  1:41  Command Center  
  20  1:53  Barracks  
  20  1:55  SCV  
  20  2:01  Refinery  
  21  2:05  Barracks Reactor  
  21  2:07  SCV  
  22  2:13  Supply Depot  
  22  2:19  SCV  
  23  2:35  SCV  
  24  2:41  Factory  
  24  2:42  Marine x2, Barracks Tech Lab  
  26  2:47  SCV  
  27  2:53  Orbital Command  
  27  2:59  SCV  
  27  3:01  Stimpack  
  27  3:04  Marine x2  
  30  3:06  Marine  
  30  3:11  SCV  
  32  3:21  SCV  
  32  3:23  Marine, SCV  
  32  3:24  Marine x2  
  37  3:31  Starport  
  37  3:33  SCV  
  38  3:34  Factory Reactor  
  38  3:36  SCV  
  39  3:42  Supply Depot  
  39  3:44  Marine x3  
  39  3:47  SCV  
  43  3:48  SCV  
  44  3:57  Supply Depot  
  44  3:59  SCV  
  44  4:01  SCV  
  46  4:04  Marine x3  
  46  4:06  Supply Depot  
  49  4:14  Medivac  
  49  4:16  Medivac  
  53  4:19  SCV  
  53  4:21  Marine x3, SCV  
  58  4:31  Widow Mine  
  58  4:32  Engineering Bay  
  58  4:34  Engineering Bay, SCV  
  58  4:35  SCV  
  62  4:40  Marine  
  62  4:41  Marine x2  
  62  4:44  Supply Depot  
  65  4:48  Medivac  
  67  4:54  SCV  
  67  4:56  SCV  
  67  4:58  Marine  
  70  5:02  Combat Shields  
  70  5:05  Marine x2  
  70  5:06  Terran Infantry Weapons Level 1  
  72  5:11  SCV  
  72  5:12  Terran Infantry Armor Level 1  
  72  5:13  SCV  
  74  5:14  Supply Depot  
  74  5:16  Marine  
  75  5:23  Marine x2  
  75  5:25  Refinery  
  77  5:34  Liberator, Marine  
  73  5:37  Factory Reactor  
  73  5:40  Command Center  
  73  5:41  Marine x2  
  75  5:48  SCV  
  76  5:52  Marine  
  80  5:59  Marine x2  
  82  6:07  Medivac  
  82  6:09  Marine  
  82  6:10  Supply Depot  
  85  6:12  Barracks x3  
  85  6:24  SCV  
  86  6:27  Armory  
  86  6:28  Refinery  
  86  6:31  Widow Mine x2  
  86  6:32  SCV  
  91  6:37  SCV  
  91  6:39  Marine x3  
  93  6:51  Medivac x2, SCV  
  93  6:52  Supply Depot  
  98  6:57  Marine x2  
  98  6:59  SCV  
  97  7:02  Barracks Reactor  
  97  7:03  SCV  
  97  7:05  Barracks Reactor x2  
  95  7:11  SCV  
  96  7:15  SCV  
  96  7:20  Widow Mine x2, Orbital Command  
  96  7:21  Medivac  
  103  7:23  Marine x2  
  102  7:33  SCV x2  
  104  7:39  Unknown  
  104  7:42  Marine x5  
  104  7:43  Marine  
  110  7:49  SCV  
  110  7:50  Supply Depot, SCV  
  112  8:01  SCV  
  112  8:02  SCV  
  112  8:05  Supply Depot x2  
  114  8:06  Supply Depot  
  114  8:07  Orbital Command  
  114  8:12  Widow Mine, Marine x7  
  115  8:14  SCV  
  115  8:15  Unknown  
  118  8:22  Medivac x2  
  118  8:27  SCV  
  118  8:28  SCV  
  118  8:33  Marine x2  
  118  8:34  Marine x7  
  129  8:43  SCV  
Show
View Real Time Build Order
Export as new Build Order

Rogue Zerg 

Build Orders: Hatch First 

Get SALT Encoding   

  12  0:00  Drone  
  13  0:12  Overlord  
  13  0:17  Drone  
  14  0:30  Drone  
  14  0:31  Drone  
  14  0:35  Drone  
  17  0:53  Hatchery  
  17  0:55  Drone  
  17  0:59  Drone  
  18  1:10  Extractor  
  17  1:13  Spawning Pool  
  17  1:16  Drone  
  17  1:20  Drone  
  18  1:28  Drone  
  19  1:38  Overlord  
  19  1:59  Queen  
  19  2:00  Zergling x4  
  23  2:04  Queen  
  23  2:05  Zergling x2  
  26  2:09  Metabolic Boost  
  26  2:12  Drone  
  27  2:16  Drone  
  28  2:23  Drone  
  28  2:27  Drone  
  30  2:35  Queen  
  31  2:48  Pneumatized Carapace, Drone  
  31  2:49  Overlord  
  31  2:51  Drone x2  
  34  2:55  Drone  
  35  3:09  Drone x5  
  40  3:15  Drone x2  
  40  3:16  Drone  
  43  3:21  Overlord  
  43  3:42  Hatchery  
  42  3:48  Drone  
  42  3:49  Drone x6  
  42  3:51  Overlord  
  49  3:56  Queen  
  49  3:57  Overlord  
  51  4:05  Evolution Chamber  
  51  4:06  Evolution Chamber  
  49  4:11  Drone x3  
  49  4:12  Extractor  
  49  4:15  Baneling Nest  
  50  4:21  Drone  
  51  4:26  Spore Crawler  
  51  4:27  Queen  
  51  4:30  Zergling x6  
  51  4:31  Zergling x6  
  58  4:37  Zerg Ground Armor Level 1  
  58  4:40  Zerg Melee Weapons Level 1  
  58  4:46  Zergling x2  
  58  4:47  Zergling x6  
  62  4:53  Overlord  
  62  4:55  Queen  
  64  5:03  Drone x3  
  67  5:07  Overlord  
  67  5:08  Drone  
  67  5:10  Lair  
  67  5:13  Baneling x3  
  68  5:15  Baneling  
  68  5:19  Drone  
  68  5:20  Drone x3  
  72  5:34  Drone x7  
  76  5:37  Drone x3  
  76  5:39  Baneling  
  76  5:40  Baneling x4  
  79  5:45  Drone x2  
  81  5:53  Overlord  
  79  6:00  Zergling x6  
  79  6:03  Extractor x2  
  79  6:05  Hatchery, Baneling x5  
  79  6:07  Queen  
  79  6:09  Overlord  
  80  6:11  Zergling x2  
  80  6:12  Zergling x2  
  82  6:19  Zergling x14  
  89  6:27  Centrifical Hooks  
  87  6:33  Drone x6  
  92  6:41  Overseer  
  92  6:45  Drone x3  
  92  6:47  Zergling x6  
  95  6:49  Overlord  
  95  6:59  Zergling x2  
  95  7:00  Zergling x8  
  91  7:10  Queen  
  91  7:15  Zergling x10  
  96  7:19  Baneling x2  
  94  7:23  Spire, Extractor  
  94  7:26  Extractor  
  85  7:31  Zergling x10  
  85  7:36  Zergling x2  
  85  7:37  Zergling x8  
  90  7:43  Zergling x6  
  90  7:44  Zergling x8  
  97  7:58  Zergling x8  
  98  7:59  Hatchery  
  100  8:06  Baneling  
  100  8:07  Queen x2, Overlord x2  
  100  8:11  Baneling  
  100  8:12  Baneling x5  
  104  8:17  Overlord  
  104  8:18  Overlord  
  96  8:23  Overlord x2  
  90  8:36  Zergling x2  
  90  8:37  Zergling x24  
  90  8:39  Drone x3  
Tags
 
Add a new tag
Caveats
  • Supply blocks, unpowered buildings, or Contaminate may cause inaccurate times.
  • Supply counts are checked every 10 seconds.